 Dungeon Crawl Stone Soup version 0.31-a0-1589-g8f5e8aebd6 (webtiles) character file.

Game seed: 9339707407407920091

110 bjtr the Conjurer (level 4, -2/21 HPs)
             Began as a Vine Stalker Conjurer on Jan 6, 2024.
             Slain by an orc priest
             ... wielding a +0 whip
              (5 damage)
             ... on level 4 of the Dungeon.
             The game lasted 00:11:14 (3035 turns).

bjtr the Conjurer (Vine Stalker Conjurer)           Turns: 3035, Time: 00:11:15

Health: -2/21      AC:  4    Str:  9    XL:     4   Next: 91%
Magic:  0/8        EV: 12    Int: 20    God:
Gold:   184        SH:  5    Dex: 13    Spells: 0/7 levels left

rFire   . . .        a - +2 short sword (holy)
rCold   . . .        (no shield)
rNeg    . . .        m - +0 robe
rPois   .            n - +0 helmet
rElec   .            (no cloak)
rCorr   .            h - +0 pair of gloves
SInv    .            (no boots)
Will    .....        e - amulet of reflection
Stlth   ++           (no ring)
HPRegen 1.03/turn    (no ring)
MPRegen 0.11/turn

%: reflection, guardian spirit
@: no status effects
A: fangs 2, regeneration 1, magic shield, antimagic bite, no potion heal 2
a: no special abilities


You were on level 4 of the Dungeon.
You visited 1 branch of the dungeon, and saw 4 of its levels.

You collected 184 gold pieces.

Inventory:

Hand Weapons
 a - a +2 short sword of holy wrath (weapon)
 o - a +0 rapier
Missiles
 i - 15 poisoned darts
Armour
 g - the +0 leather armour "Vaploala" {rC++ Str-3}
   (You found it on level 3 of the Dungeon)

   Str-3:     It affects your strength (-3).
   rC++:      It greatly protects you from cold.
 h - a +0 pair of gloves (worn)
 m - a +0 robe (worn)
 n - a +0 helmet (worn)
 q - the orb of Baldness {guile, +Inv rC+}
   (You found it on level 4 of the Dungeon)

   rC+:       It protects you from cold.
   +Inv:      It lets you turn invisible.
Magical Staves
 b - a staff of conjuration
Jewellery
 e - an amulet of reflection (around neck)
Scrolls
 c - 3 scrolls of identify
 f - a scroll of teleportation
 k - a scroll of amnesia
Potions
 d - a potion of berserk rage
 j - a potion of magic
 l - a potion of curing
 p - a potion of cancellation


   Skills:
 * Level 1.4 Short Blades
 + Level 1.5 Dodging
 + Level 3.1 Stealth
 + Level 2.2 Spellcasting
 * Level 5.5 Conjurations


You couldn't memorise any spells.
You knew the following spells:

 Your Spells              Type           Power      Damage    Failure   Level
a - Magic Dart            Conj           96%        1d7       1%          1
b - Searing Ray           Conj           48%        2d6       2%          2
c - Iskenderun's Mystic   Conj/Tloc      13%        2d5       45%         4

Your spell library contained the following spells:

 Spells                   Type           Power      Damage    Failure   Level
 Freeze                   Ice            8%         1d3       16%         1
 Hailstorm                Conj/Ice       13%        3d6       16%         3
 Frozen Ramparts          Ice            4%         1d1       43%         3
 Fulminant Prism          Conj/Alch      6%         3d6       45%         4


Dungeon Overview and Level Annotations

Branches:
Dungeon (4/15)
 Temple: D:4-7

Altars:


Innate Abilities, Weirdness & Mutations

You have extremely sharp teeth.
Your natural rate of healing is unusually fast.
When hurt, damage is shared between your health and your magic reserves.
Your bite disrupts and absorbs the magic of your enemies.
Potions cannot restore your health.


Message History

You hit the orc.
The orc is severely wounded.
You block the orc's attack.
You barely miss the orc.
The orc is severely wounded.
You block the orc's attack.
You hit the orc.
You kill the orc!
Things that are here:
a +0 hand axe; a +0 scale mail; an orc corpse You start resting.
HP restored.
You start resting.
Magic restored.
There is a stone staircase leading down here.
You climb downwards.
The orc misses you. The orc hits you with a +0 hand axe.
There is a stone staircase leading up here.
You hit the orc. Your bite misses the orc.
The orc is heavily wounded.
You block the orc's attack.
You closely miss the orc.
The orc is heavily wounded.
You hit the orc priest.
The orc priest is heavily wounded.
You block the orc's attack.
The orc priest begins to cast a cantrip, but forgets the words!
You hit the orc priest.
The orc priest is heavily wounded.
The orc hits you with a +0 hand axe. The orc priest hits you with a +0 whip.
You hit the orc priest but do no damage.
Your bite misses the orc priest.
The orc priest is heavily wounded.
The orc hits you with a +0 hand axe!
The orc priest mumbles some strange prayers to Beogh against you.
Pain shoots through your body!
* * * LOW HITPOINT WARNING * * *
You hit the orc priest.
The orc priest is severely wounded.
You block the orc's attack. The orc priest hits you with a +0 whip.
You die...

... .... ###.#.#
.#..... ##....#
#..# #.## # #.#
.# .#####@###
..# #......oo.#
..#
#########[#..#.#
#......#
#......#
#..##### ....
#..## ...>


You could see an orc priest and an orc.

Vanquished Creatures
  3 gnolls (D:3)
  An adder (D:2)
  A ribbon worm (D:2)
  A dart slug (D:1)
  2 orcs
  9 ball pythons
  4 bats
  10 endoplasms
  A giant cockroach (D:1)
  4 goblins
  3 hobgoblins (D:1)
  A quokka (D:3)
  2 frilled lizards (D:1)
  6 kobolds
  5 rats
53 creatures vanquished.

Vanquished Creatures (others)
  A gnoll sergeant (D:3)
1 creature vanquished.

Grand Total: 54 creatures vanquished

Notes
Turn   | Place    | Note
-------+----------+-------------------------------------------
     0 | D:1      | bjtr the Vine Stalker Conjurer began the quest for the Orb.
     0 | D:1      | Reached XP level 1. HP: 9/9 MP: 4/4
   150 | D:1      | Reached XP level 2. HP: 13/13 MP: 1/6
   163 | D:1      | Learned a level 2 spell: Searing Ray
   549 | D:1      | You fall into a shaft and drop 1 floor!
   650 | D:1      | Reached XP level 3. HP: 16/16 MP: 1/7
  1428 | D:2      | Found a faded altar of an unknown god.
  1458 | D:2      | Reached skill level 5 in Conjurations
  1923 | D:3      | Noticed a gnoll sergeant
  1940 | D:3      | Reached XP level 4. HP: 21/21 MP: 3/8
  2159 | D:3      | Killed a gnoll sergeant
  2250 | D:3      | Reached skill level 1 in Short Blades
  2616 | D:3      | Learned a level 4 spell: Iskenderun's Mystic Blast
  2641 | D:3      | Identified the +0 leather armour "Vaploala" {rC++ Str-3}
  2937 | D:4      | Identified the orb of Baldness {guile, +Inv rC+}
  2955 | D:4      | HP: 1/21 [orc priest/divine providence (7)]
  3035 | D:4      | Slain by an orc priest

Illustrated notes

Levels and vault maps discovered:
D:1:      lightli_arrival_quake, layout_basic
D:2:      layout_basic, shapermc_ecumenical_altar_notcrosses,
          minmay_misc_feat_plants
D:3:      layout_basic, dk_noncrumbling_3
D:4:      wad_river_or_something, layout_rooms, serial_co_window_serial,
          co_window_paths_b, co_window_corner_a, co_window_paths_b,
          co_window_of_opportunity_a, co_window_paths_a, co_window_corner_a,
          co_window_of_opportunity_a, co_window_2corner,
          co_window_of_opportunity_c, co_window_corner_b, co_window_cross_4,
          co_window_2corner, co_window_unsneaky_path_b, glass_columns_a,
          glass_columns_c, glass_columns_a

Skill      XL: |  1  2  3  4 |
---------------+-------------+-----
Conjurations   | 5 |  5.5
Stealth        | 3 |  3.1
Short Blades   | 1 |  1.4
Dodging        | |  1.5
Spellcasting   | |  2.2

Action                     |  1- 3 |  4- 6 || total
---------------------------+-------+-------++-------
  Melee: Short sword       |    20 |    32 ||    52
         Bite              |     6 |     7 ||    13
         Punch             |     1 |       ||     1
   Cast: Magic Dart        |    52 |    15 ||    67
         Searing Ray       |     2 |     3 ||     5
    Use: Scroll            |     8 |       ||     8
   Stab: Sleeping          |       |     1 ||     1
 Armour: Robe              |    11 |    25 ||    36
  Dodge: Dodged            |    14 |    16 ||    30
  Block: Other             |     3 |     9 ||    12
         Reflection        |       |     2 ||     2

Table legend: (Time is in decaauts)
 A = Elapsed time spent in this place.
 B = Non-inter-level travel time spent in this place.
 C = Inter-level travel time spent in this place.
 D = Time resting spent in this place.
 E = Time spent auto-exploring this place.
 F = Levels seen in this place.
 G = Mean time per level.
                   A        B        C        D        E       F      G
               +--------+--------+--------+--------+--------+-----+--------+
         Total |   3032 |   2959 |     73 |    373 |   2120 |   4 |  758.0 |
       Dungeon |   3032 |   2959 |     73 |    373 |   2120 |   4 |  758.0 |
               +--------+--------+--------+--------+--------+-----+--------+

Top non-repeatable levels by time:
     D:1: 1253 daAuts
     D:3: 1115 daAuts
     D:2: 635 daAuts
     D:4: 27 daAuts
